 Dungeon Crawl Stone Soup version 0.22.1-1-ga44c0e5 (webtiles) character file.

179 kaesh the Shield-Bearer (level 5, -2/42 HPs)
             Began as a Formicid Fighter on Oct 19, 2018.
             Killed by nerve-wracking pain
             ... invoked by an orc priest
              (14 damage)
             ... on level 3 of the Dungeon.
             The game lasted 00:05:15 (2091 turns).

kaesh the Shield-Bearer (Formicid Fighter)          Turns: 2091, Time: 00:05:15

Health: -2/42      AC:  7    Str: 21      XL:     5   Next: 90%
Magic:  5/5        EV:  8    Int:  7 (8)  God:
Gold:   52         SH:  9    Dex:  9 (10) Spells: 4/4 levels left

rFire    . . .     SeeInvis +   a - +0 war axe
rCold    . . .     Gourm    .   c - +0 shield
rNeg     . . .     Faith    .   b - +0 scale mail
rPois    .         Spirit   .   (helmet unavailable)
rElec    .         Reflect  .   (no cloak)
rCorr    .         Harm     .   (no gloves)
MR       .....                  (no boots)
Stlth    ..........             (no amulet)
HPRegen  0.14/turn              (no ring)
MPRegen  0.09/turn              (no ring)

@: no status effects
A: permanent stasis, dig shafts and tunnels, four strong arms, antennae 3
a: Dig, Shaft Self


You were on level 3 of the Dungeon.
You were hungry.

You visited 1 branch of the dungeon, and saw 3 of its levels.

You collected 52 gold pieces.

Inventory:

Hand Weapons
 a - a +0 war axe (weapon)
Armour
 b - a +0 scale mail (worn)
 c - a +0 shield (worn)
Scrolls
 e - a scroll of amnesia
 g - a scroll of remove curse
 i - a scroll of immolation {unknown}
Potions
 d - a potion of might
Comestibles
 f - 7 rations


   Skills:
 + Level 3.9 Fighting
 + Level 3.6 Axes
 + Level 4.1 Armour
 + Level 1.0 Dodging
 + Level 4.7 Shields


You had 4 spell levels left.
You didn't know any spells.
Your spell library was empty.

Dungeon Overview and Level Annotations

Branches:
Dungeon (3/15)

Altars:

Annotations:
D:3 1 runed door, kalagan's ghost, amateur DEEE


Innate Abilities, Weirdness & Mutations

You cannot be hasted, slowed, berserked, paralysed or teleported.
You can dig through walls and to a lower floor.
Your four strong arms can wield two-handed weapons with a shield.
You have a pair of large antennae on your head. (SInv)


Message History

You closely miss the orc wizard. You block the orc wizard's attack.
The orc wizard hits you but does no damage.
You are feeling hungry.
You hit the orc wizard.
The orc wizard is lightly wounded.
You block the orc wizard's attack.
The orc priest hits you but does no damage.
You slash the orc wizard!
The orc wizard is heavily wounded.
You closely miss the orc priest. You hit the orc. The orc wizard misses you.
The orc hits you but does no damage. The orc priest barely misses you.
You slash the orc wizard!
You kill the orc wizard!
You feel your intelligence returning.
Your Dodging skill increases to level 1!
You hit the orc priest. You slash the orc!
You kill the orc!
The orc priest mumbles some strange prayers to Beogh against you.
Pain shoots through your body!
You die...

#....... ....## #.#.#... .
#..(.#######...#^## ..
#..............#.# ...
<.........<.....# ....
###...#######..##.# .....
.....# #..##>#
#.....####g..#######..##.#
#.....oSKo@).....(....##.#
......####...####.###.##.#
#.... ###.####.###....#
#... #.#...........# #..
#.#.#####....<# #S
#.##.#.# #..#.## . #.....#
#..#.# #.#>##.# #..#.# #.
#. #.# #..#.#


You could see an orc priest, an orc wizard, an adder, a goblin and a kobold.

Vanquished Creatures
  An orc priest (D:3)
  2 orc wizards (D:3)
  2 adders
  An ooze (D:3)
  2 worms (D:2)
  2 leopard geckos (D:1)
  4 orcs (D:3)
  7 bats
  2 giant cockroaches
  4 goblins
  5 hobgoblins (D:1)
  8 jackals
  7 kobolds (D:1)
  2 quokkas (D:2)
  2 ball pythons
  7 frilled lizards
  3 rats
61 creatures vanquished.

Notes
Turn   | Place    | Note
-------+----------+-------------------------------------------
     0 | D:1      | kaesh the Formicid Fighter began the quest for the Orb.
     0 | D:1      | Reached XP level 1. HP: 18/18 MP: 1/1
   165 | D:1      | Reached XP level 2. HP: 23/24 MP: 2/2
   430 | D:1      | Reached XP level 3. HP: 28/30 MP: 3/3
  1185 | D:2      | Reached XP level 4. HP: 17/37 MP: 4/4
  1845 | D:3      | Found a runed door.
  1846 | D:3      | Noticed kalagan's ghost (amateur DEEE)
  1847 | D:3      | Noticed a bullfrog
  2061 | D:3      | Reached XP level 5. HP: 25/42 MP: 5/5
  2091 | D:3      | Reached skill level 1 in Dodging
  2091 | D:3      | Killed from afar by an orc priest

Skill      XL: |  1  2  3  4  5 |
---------------+----------------+-----
Shields        | 4 |  4.7
Armour         | 4 |  4.1
Axes           | 3 |  3.6
Dodging        | 1 |  1.0
Fighting       | |  3.9

Action                   |  1- 3 |  4- 6 || total
-------------------------+-------+-------++-------
Melee: War axe           |   164 |   100 ||   264
  Use: Scroll            |     3 |     1 ||     4
       Potion            |     2 |     2 ||     4
  Eat: Chunk             |     1 |     3 ||     4
Armor: Scale mail        |    83 |    32 ||   115
Dodge: Dodged            |    66 |    30 ||    96
Block: Shield            |   106 |    53 ||   159
